 Dungeon Crawl Stone Soup version 0.31-a0-408-gb642c7f9a3 (webtiles) character file.

Game seed: 3646505965185944395

108 Gelion the Changeling (level 4, -2/29 HPs)
             Began as an Octopode Shapeshifter on July 29, 2023.
             Killed by divine providence
             ... invoked by an orc priest
              (9 damage)
             ... on level 3 of the Dungeon.
             The game lasted 00:03:08 (1787 turns).

Gelion the Changeling (Octopode Shapeshifter)       Turns: 1787, Time: 00:03:09

Health: -2/29      AC:  1    Str: 14    XL:     4   Next: 87%
Magic:  4/4        EV: 13    Int: 10    God:
Gold:   135        SH:  0    Dex: 14    Spells: 3/3 levels left

rFire   . . .        c - +0 dagger
rCold   . . .        (no shield)
rNeg    . . .        (helmet currently unavailable)
rPois   .            g - amulet of regeneration
rElec   .            (no ring)
rCorr   .            (no ring)
SInv    .            (no ring)
Will    .....        (no ring)
Stlth   ++           (no ring)
HPRegen 1.04/turn    (no ring)
MPRegen 0.09/turn    (no ring)
                     (no ring)

%: no passive effects
@: beast-form
A: beast (slay +2), almost no armour, amphibious, 8 rings, camouflage 1,
gelatinous body 1, (nimble swimmer 1), tentacles
a: Begin Untransformation


You were on level 3 of the Dungeon.
You were a hulking beast.
You visited 1 branch of the dungeon, and saw 3 of its levels.

You collected 135 gold pieces.

Inventory:

Hand Weapons
 c - a +0 dagger (weapon)
Jewellery
 g - an amulet of regeneration (around mantle)
Talismans
 b - a beast talisman
Scrolls
 d - 4 scrolls of teleportation
 f - a scroll of amnesia
 h - a scroll of enchant weapon {unknown}
Potions
 a - a potion of lignification
 e - 2 potions of heal wounds
 j - a potion of attraction {unknown}
 k - a potion of curing {unknown}


   Skills:
 + Level 2.2 Fighting
 - Level 2.0 Dodging
 + Level 3.6 Unarmed Combat
 * Level 4.0 Shapeshifting


You had 3 spell levels left.
You didn't know any spells.
Your spell library was empty.

Dungeon Overview and Level Annotations

Branches:
Dungeon (3/15)

Altars:
Uskayaw
Vehumet

Shops:
D:1 [


Innate Abilities, Weirdness & Mutations

You are a hulking beast.
Your limbs bulge with bestial killing power. (Slay +2)
You cannot wear most types of armour.
You are amphibious.
You can wear up to eight rings at the same time.
Your skin changes colour to match your surroundings (Stealth+).
Your rubbery body absorbs attacks. (AC +1, EV +1)
((You are camouflaged when in or above water. (Stealth+)))
You have tentacles for arms and can constrict up to eight enemies at once.


Message History

You grab the orc. You squeeze the orc.
The orc is severely wounded.
You constrict the orc.
You kill the orc!
The orc closely misses you. The orc hits you with a +0 trident.
Things that are here:
a +0 mace; an orc corpse You hit the orc.
You kill the orc!
The orc priest miscasts a cantrip.
The orc priest calls down the wrath of Beogh upon you.
Pain shoots through your body! The orc priest misses you.
The orc priest calls down the wrath of Beogh upon you.
Beogh smites you!
Unknown command.
You are too injured to fight recklessly!
You are too injured to fight recklessly!
You are too injured to fight recklessly!
You are too injured to fight recklessly!
You hit the orc priest. Your grab misses the orc priest.
You squeeze the orc priest.
The orc priest is heavily wounded.
The orc priest misses you.
You hit the orc priest but do no damage.
You grab the orc priest.
The orc priest is heavily wounded.
You constrict the orc priest, but do no damage.
The orc priest hits you with a +1 dagger of flaming.
* * * LOW HITPOINT WARNING * * *
The orc priest burns you.
* * * LOW HITPOINT WARNING * * *
You hit the orc priest but do no damage.
The orc priest is heavily wounded.
You constrict the orc priest, but do no damage.
The orc priest looks satisfied for a moment.
The orc priest calls down the wrath of Beogh upon you.
Beogh smites you!
You die...

.............##.
.....o.....................##.
............>.#............##.
.............#.........#####.
<...........#.........# #.
#..........#.........# #.
#..........#.........# #.
#!......o.o#.........# ##
#.........h#.........#
#........).#.........#
#.........)#######.###
#..........'.# #.#
#..........#.# #.#
############.#####.# #.......#
#########


You could see 2 orc priests.

Vanquished Creatures
  4 adders
  A worm (D:2)
  2 dart slugs (D:2)
  2 orcs (D:3)
  5 ball pythons
  4 endoplasms
  A giant cockroach (D:2)
  4 goblins
  6 hobgoblins
  7 jackals
  8 bats
  5 frilled lizards
  5 kobolds
  8 rats
62 creatures vanquished.

Notes
Turn   | Place    | Note
-------+----------+-------------------------------------------
     0 | D:1      | Gelion the Octopode Shapeshifter began the quest for the
                  | Orb.
     0 | D:1      | Reached XP level 1. HP: 13/13 MP: 1/1
    99 | D:1      | Reached XP level 2. HP: 18/18 MP: 2/2
   148 | D:1      | Found Lebeupeel's Armour Emporium.
   303 | D:1      | Reached XP level 3. HP: 13/23 MP: 3/3
   799 | D:2      | Reached XP level 4. HP: 27/29 MP: 4/4
  1443 | D:3      | Found a hide-covered altar of Uskayaw.
  1469 | D:3      | Reached skill level 4 in Shapeshifting
  1489 | D:3      | Found a radiant altar of Vehumet.
  1787 | D:3      | Killed from afar by an orc priest

Illustrated notes

Levels and vault maps discovered:
D:1:      saegor_arrival_fortress, layout_rooms, serial_shops, shop
D:2:      layout_basic, minmay_small_reverse_x
D:3:      layout_basic, mainiacjoe_overflow_six_doors_small,
          eat_drink_and_be_merry_uskayaw

Skill      XL: |  1  2  3  4 |
---------------+-------------+-----
Fighting       | 2 |  2.2
Shapeshifting  | 4 |  4.0
Dodging        | |  2.0
Unarmed Combat | |  3.6

Action                     |  1- 3 |  4- 6 || total
---------------------------+-------+-------++-------
  Melee: Unarmed           |    11 |       ||    11
         Constrict         |    19 |    12 ||    31
         Dagger            |    57 |    54 ||   111
         Tentacles         |     9 |     7 ||    16
    Use: Scroll            |     2 |     3 ||     5
   Stab: Sleeping          |     3 |     6 ||     9
 Armour: Skin              |     9 |     3 ||    12
  Dodge: Dodged            |    53 |    30 ||    83

Table legend: (Time is in decaauts)
 A = Elapsed time spent in this place.
 B = Non-inter-level travel time spent in this place.
 C = Inter-level travel time spent in this place.
 D = Time resting spent in this place.
 E = Time spent auto-exploring this place.
 F = Levels seen in this place.
 G = Mean time per level.
                   A        B        C        D        E       F      G
               +--------+--------+--------+--------+--------+-----+--------+
         Total |   1785 |   1771 |     14 |      0 |   1416 |   3 |  595.0 |
       Dungeon |   1785 |   1771 |     14 |      0 |   1416 |   3 |  595.0 |
               +--------+--------+--------+--------+--------+-----+--------+

Top non-repeatable levels by time:
     D:2: 804 daAuts
     D:1: 620 daAuts
     D:3: 359 daAuts
